 Dungeon Crawl Stone Soup version 0.22.1-2-g9c5b331383 (webtiles) character file.

77 Pocketmage the Sneak (level 4, 0/21 HPs)
             Began as a Spriggan Enchanter on Nov 23, 2018.
             Slain by a goblin (1 damage)
             ... on level 3 of the Dungeon.
             The game lasted 00:09:07 (1509 turns).

Pocketmage the Sneak (Spriggan Enchanter)           Turns: 1509, Time: 00:09:08

Health: 0/21       AC:  3    Str:  5    XL:     4   Next: 14%
Magic:  3/10       EV: 18    Int: 16    God:
Gold:   111        SH:  0    Dex: 16    Spells: 6/9 levels left

rFire    . . .     SeeInvis +   n - +0 short sword
rCold    . . .     Gourm    .   (shield restricted)
rNeg     . . .     Faith    .   b - +0 robe
rPois    .         Spirit   .   (helmet restricted)
rElec    .         Reflect  .   l - +0 cloak
rCorr    .         Harm     .   (gloves unavailable)
MR       .....                  (boots unavailable)
Stlth    +++.......             (no amulet)
HPRegen  0.07/turn              (no ring)
MPRegen  0.12/turn              (no ring)

@: very quick
A: very small, unfitting armour, see invisible, herbivore, speed 3, slow
metabolism 2
a: no special abilities


You were on level 3 of the Dungeon.
You were not hungry.

You visited 1 branch of the dungeon, and saw 3 of its levels.

You collected 111 gold pieces.

Inventory:

Hand Weapons
 a - a +1 dagger
 n - a +0 short sword (weapon)
Armour
 b - a +0 robe (worn)
 l - a +0 cloak (worn)
Jewellery
 o - an uncursed ring of positive energy {unknown}
Wands
 p - a wand of digging (18)
Scrolls
 f - 3 scrolls of identify {unknown}
 h - a scroll of immolation {unknown}
 i - a scroll of enchant armour {unknown}
 k - a scroll of remove curse {unknown}
Potions
 c - a potion of ambrosia {unknown}
 e - a potion of flight {unknown}
 g - a potion of curing {unknown}
 j - a potion of berserk rage {unknown}
 m - 2 potions of agility {unknown}
Comestibles
 d - a ration


   Skills:
 + Level 2.1 Short Blades
 - Level 3.0 Dodging
 * Level 6.0 Stealth
 + Level 3.4 Spellcasting
 + Level 4.2 Hexes


You had 6 spell levels left.
You knew the following spells:

 Your Spells              Type           Power        Failure   Level  Hunger
a - Corona                Hex            ###....      3%          1    None
b - Ensorcelled Hibernat  Hex/Ice        #.....       12%         2    ##.....

Your spell library contained the following spells:

 Spells                   Type           Power        Failure   Level  Hunger
 Confuse                  Hex            ###.....     10%         3    ###....
 Tukima's Dance           Hex            ###.....     10%         3    ###....
 Dazzling Spray           Conj/Hex       #.....       22%         3    ###....


Dungeon Overview and Level Annotations

Branches:
Dungeon (2/15)

Altars:


Innate Abilities, Weirdness & Mutations

You are very small and have problems with some larger weapons.
You are too small for most types of armour.
You have supernaturally acute eyesight. (SInv)
You are a herbivore.
You cover ground extremely quickly.
You need to consume almost no food.


Message History

The hobgoblin is moderately wounded.
The hobgoblin closely misses you.
You completely miss the hobgoblin.
The hobgoblin is moderately wounded.
The hobgoblin misses you.
You closely miss the hobgoblin.
The hobgoblin is moderately wounded.
The goblin barely misses you. The hobgoblin misses you.
You hit the hobgoblin but do no damage.
The hobgoblin is moderately wounded.
The adder misses you. The goblin closely misses you.
The hobgoblin completely misses you.
You hit the hobgoblin but do no damage.
The hobgoblin is moderately wounded.
The adder barely misses you. The goblin completely misses you.
The hobgoblin closely misses you.
You hit the hobgoblin.
The hobgoblin is heavily wounded.
The adder closely misses you. The goblin hits you.
You die...

.#.....# .#.....+
##.... .#.....###
#.##...
.........###.##...
...#.#.#.....##...
#..#.............#
#..#...#.........#
#..#...#.######gg#
..............##@#
#..##.##......##S#
#.......h.S.....h#
...)....>.....#####
#...####.†..........
....# #............
##.S####............
#........###.......
#h######.# #.......


You could see an adder, a jackal, a hobgoblin and a goblin.

Vanquished Creatures
  A hound (D:3)
  An adder (D:3)
  An ooze (D:3)
  2 dart slugs
  2 leopard geckos (D:3)
  3 bats (D:1)
  A giant cockroach (D:1)
  2 goblins (D:1)
  4 hobgoblins
  A jackal (D:3)
  3 frilled lizards
  4 kobolds
  3 rats
28 creatures vanquished.

Notes
Turn   | Place    | Note
-------+----------+-------------------------------------------
     0 | D:1      | Pocketmage the Spriggan Enchanter began the quest for the
                  | Orb.
     0 | D:1      | Reached XP level 1. HP: 9/9 MP: 5/5
   425 | D:1      | Reached XP level 2. HP: 12/13 MP: 6/6
   536 | D:1      | Reached skill level 5 in Stealth
   639 | D:1      | Learned a level 2 spell: Ensorcelled Hibernation
  1309 | D:2      | You fall through a shaft!
  1323 | D:3      | Reached XP level 3. HP: 16/16 MP: 5/8
  1477 | D:3      | Reached skill level 6 in Stealth
  1477 | D:3      | Reached XP level 4. HP: 7/21 MP: 1/10
  1502 | D:3      | HP: 1/21 [hobgoblin (3)]
  1509 | D:3      | Slain by a goblin

Skill      XL: |  1  2  3 |
---------------+----------+-----
Stealth        | 5 6 |  6.0
Spellcasting   | 3 |  3.4
Hexes          | 4 |  4.2
Short Blades   | 2 |  2.1
Dodging        | |  3.0

Action                   |  1- 3 |  4- 6 || total
-------------------------+-------+-------++-------
Melee: Dagger            |    46 |       ||    46
       Short sword       |    35 |     9 ||    44
 Cast: Corona            |     5 |       ||     5
       Ensorcelled Hiber |    11 |       ||    11
 Stab: Sleeping          |    14 |       ||    14
Armor: Robe              |     7 |       ||     7
Dodge: Dodged            |    70 |    15 ||    85
